 Dungeon Crawl Stone Soup version 0.25-a0-734-g73332aeda9 (webtiles) character file.

Game seed: 3339105283560174160, levelgen mode: deterministic

2706 Error4North the Chopper (level 9, -2/71 HPs)
             Began as a Demonspawn Berserker on Apr 10, 2020.
             Was an Elder of Trog.
             Slain by a wight
             ... wielding a +5 mace of freezing
              (3 damage)
             ... on level 7 of the Dungeon on Apr 11, 2020.
             The game lasted 00:27:52 (7254 turns).

Error4North the Chopper (Demonspawn Berserker)      Turns: 7254, Time: 00:27:53

Health: -2/71      AC:  7    Str: 22    XL:     9   Next: 39%
Magic:  9/9        EV: 12    Int:  8    God:    Trog [****..]
Gold:   481        SH:  0    Dex: 12    Spells: 8/8 levels left

rFire    + . .     SeeInvis .   z - +1 war axe (flame)
rCold    . . .     Gourm    +   (no shield)
rNeg     . . .     Faith    .   D - +0 ring mail
rPois    +         Spirit   .   (no helmet)
rElec    .         Reflect  .   l - +0 cloak {rPois}
rCorr    .         Harm     .   (no gloves)
MR       +....                  f - +0 pair of boots (curse)
Stlth    ++++++....             y - amulet of the gourmand
HPRegen  0.21/turn              e - ring of protection from magic
MPRegen  0.11/turn              m - ring of stealth

@: mighty, berserk cooldown, slowed, heavily drained, very slow
A: claws 1, talons 1, fire resistance 1, nightstalker 3
a: Berserk, Trog's Hand, Brothers in Arms, Renounce Religion


You were on level 7 of the Dungeon.
You worshipped Trog.
Trog was greatly pleased with you.
You were not hungry.

You visited 2 branches of the dungeon, and saw 8 of its levels.

You collected 481 gold pieces.

Inventory:

Hand Weapons
 z - a +1 war axe of flaming (weapon)
Armour
 f - a cursed +0 pair of boots (worn)
 l - a +0 cloak of poison resistance (worn)
 D - a +0 ring mail (worn)
Jewellery
 e - a ring of protection from magic (left claw)
 m - a ring of stealth (right claw)
 y - an amulet of the gourmand (around neck)
Wands
 j - a wand of iceblast (8)
 p - a wand of random effects (16)
 u - a wand of paralysis (6)
Scrolls
 a - a scroll of magic mapping {unknown}
 b - a scroll of remove curse {unknown}
 d - 2 scrolls of identify
 g - 3 scrolls of blinking {unknown}
 i - 4 scrolls of teleportation
 n - a scroll of fear {unknown}
 r - 3 scrolls of enchant armour {unknown}
 s - 2 scrolls of enchant weapon {unknown}
 v - 2 scrolls of fog {unknown}
 x - 2 scrolls of amnesia {unknown}
Potions
 h - 2 potions of cancellation {unknown}
 k - a potion of might
 o - a potion of mutation {unknown}
 q - 2 potions of degeneration {unknown}
 w - a potion of ambrosia {unknown}
 C - a potion of heal wounds {unknown}
Comestibles
 c - 9 rations


   Skills:
 * Level 6.9(5.3) Fighting
 + Level 7.4(5.8) Axes
 + Level 4.1(2.7) Armour
 * Level 4.8(3.3) Dodging
 + Level 5.0(3.5) Stealth
 + Level 0.8(0.0) Evocations


You had 8 spell levels left.
You didn't know any spells.
Your spell library was empty.

Dungeon Overview and Level Annotations

Branches:
Dungeon (7/15)             Temple (1/1) D:4

Altars:
Cheibriados
Dithmenos
Elyvilon
Fedhas
Gozag
Hepliaklqana
Makhleb
Nemelex Xobeh
Okawaru
Qazlal
Sif Muna
Trog
Wu Jian
Xom
Yredelemnul
Zin
The Shining One


Innate Abilities, Weirdness & Mutations

You have sharp fingernails.
You have sharp toenails.
Your flesh is heat resistant. (rF+)
You are completely attuned to the shadows.


Message History

You barely miss the wight. You slash the wight! You burn the wight.
You destroy the wight!
Trog accepts your kill.
The wight hits you with a +5 mace of freezing!
* * * LOW HITPOINT WARNING * * *
The wight freezes you.
* * * LOW HITPOINT WARNING * * *
The wight hits you with a +5 mace of freezing!
* * * LOW HITPOINT WARNING * * *
The wight freezes you.
* * * LOW HITPOINT WARNING * * *
You hit the wight. You burn the wight.
The wight is moderately damaged.
The wight closely misses you.
You slash the wight! You burn the wight.
The wight is almost destroyed.
The wight hits you with a +5 mace of freezing.
* * * LOW HITPOINT WARNING * * *
You feel drained. The wight freezes you.
You die...

.....##... .. #........ ....
#...)..o. ... #......
#...##.......h
###.###..............##)#..h
......................###...
..#.........>....#.##.......
.##............))#.###..##
...........<.#.)@...##..##
.............#..z##††....#
............##...##...#....
...................%).#..$)
...................%..###..
.......................#
..##....>...............
#..#..................##
...# #....=.........#..


You could see a wight.

Vanquished Creatures
  A spriggan (D:7)
  A water moccasin (D:5)
  An orc warrior (D:5)
  A sky beast (D:6)
  A black bear (D:6)
  2 ice beasts (D:7)
  3 ogres
  2 phantoms
  Blork the orc (D:4)
  A scorpion (D:7)
  6 wights
  4 howler monkeys
  3 crimson imps
  A centaur zombie (D:5)
  5 hounds
  4 orc wizards
  2 orc priests
  Crazy Yiuf (D:3)
  A bullfrog skeleton (D:6)
  2 centaur skeletons (D:4)
  Ijyb (D:3)
  An iguana (D:7)
  Jessica (D:3)
  8 worker ants
  A worker ant zombie (D:6)
  4 gnolls (D:6)
  7 adders
  An ooze (D:4)
  5 worms
  2 dart slugs
  7 leopard geckos
  14 orcs
  A ball python (D:1)
  7 bats
  3 giant cockroaches
  3 goblins
  4 hobgoblins (D:1)
  10 jackals
  8 kobolds
  2 quokkas
  15 frilled lizards
  A jackal skeleton (D:4)
  A leopard gecko skeleton (D:6)
  A quokka skeleton (D:5)
  7 rats
158 creatures vanquished.

Notes
Turn   | Place    | Note
-------+----------+-------------------------------------------
     0 | D:1      | Error4North the Demonspawn Berserker began the quest for
                  | the Orb.
     0 | D:1      | Reached XP level 1. HP: 18/18 MP: 1/1
   147 | D:1      | Gained mutation: You are slightly more attuned to the
                  | shadows. [demonic ancestry]
   147 | D:1      | Reached XP level 2. HP: 13/24 MP: 2/2
   156 | D:1      | Reached skill level 3 in Axes
   854 | D:1      | Gained mutation: You are significantly more attuned to the
                  | shadows. [demonic ancestry]
   854 | D:1      | Reached XP level 3. HP: 11/29 MP: 3/3
  1453 | D:2      | Reached ** piety under Trog
  2377 | D:2      | Reached XP level 4. HP: 36/36 MP: 4/4
  2845 | D:3      | Noticed Ijyb
  2867 | D:3      | Killed Ijyb
  2867 | D:3      | Reached skill level 1 in Stealth
  2919 | D:3      | Gained mutation: Your flesh is heat resistant. (rF+)
                  | [demonic ancestry]
  2919 | D:3      | Reached XP level 5. HP: 33/42 MP: 5/5
  3105 | D:3      | Found a runed translucent door.
  3107 | D:3      | Noticed Crazy Yiuf
  3119 | D:3      | HP: 3/63 [Crazy Yiuf/+2 quarterstaff of chaos (5)]
  3119 | D:3      | HP: 1/63 [Crazy Yiuf/+2 quarterstaff of chaos (2)]
  3121 | D:3      | Killed Crazy Yiuf
  3463 | D:3      | Found a basalt altar of Yredelemnul.
  3491 | D:3      | Noticed Jessica
  3502 | D:3      | Killed Jessica
  3643 | D:4      | Reached skill level 4 in Axes
  3644 | D:4      | Noticed an ogre
  3657 | D:4      | Noticed Blork the orc
  3677 | D:3      | Gained mutation: You are completely attuned to the shadows.
                  | [demonic ancestry]
  3677 | D:3      | Reached XP level 6. HP: 37/48 MP: 6/6
  3956 | D:4      | Found a staircase to the Ecumenical Temple.
  3969 | Temple   | Entered the Ecumenical Temple
  4268 | D:4      | Killed Blork the orc
  4579 | D:4      | Noticed a fire elemental
  4580 | D:4      | Noticed a water elemental
  4589 | D:4      | Found a stormy altar of Qazlal.
  4592 | D:4      | Noticed an air elemental
  4681 | D:4      | Reached XP level 7. HP: 45/55 MP: 7/7
  4727 | D:5      | Entered Level 5 of the Dungeon
  4755 | D:5      | Reached skill level 5 in Axes
  4829 | D:5      | Reached *** piety under Trog
  4951 | D:5      | Reached skill level 5 in Fighting
  5224 | D:5      | Found a burning altar of Makhleb.
  5297 | D:5      | Gained mutation: You have sharp toenails. [demonic
                  | ancestry]
  5297 | D:5      | Reached XP level 8. HP: 62/62 MP: 8/8
  5489 | D:5      | Reached skill level 6 in Axes
  6210 | D:6      | HP: 3/64 [gnoll/+0 club (1)]
  6642 | D:6      | Reached **** piety under Trog
  6884 | D:7      | Reached skill level 7 in Axes
  6884 | D:7      | Gained mutation: You have sharp fingernails. [demonic
                  | ancestry]
  6884 | D:7      | Reached XP level 9. HP: 69/69 MP: 9/9
  7175 | D:7      | Found a burning altar of Makhleb.
  7247 | D:7      | Reached skill level 5 in Stealth
  7254 | D:7      | HP: 1/71 [wight/+5 mace of freezing (5)]
  7254 | D:7      | Slain by a wight

Levels and vault maps discovered:
D:1:      roderic_dead_forest, layout_basic
D:2:      minmay_alternating_diamond, layout_rooms, minmay_lizard_king
D:3:      layout_basic, overflow_temple_1_default, minmay_statues_item,
          uniq_ijyb, uniq_jessica, uniq_crazy_yiuf_cottage
D:4:      minmay_chambers_of_fours, layout_cave_pools,
          nicolae_qazlal_style_of_elements, minmay_temple_entry_glassed_door,
          first_ration, uniq_blork_the_orc
D:5:      layout_cave_pods, nicolae_overflow_crystal_walls
D:6:      layout_cave_pools, grunt_decor_one_mirror
D:7:      layout_cave_pools, lemuel_round_altar, minmay_misc_feat_enclosed,
          the_bakery, bloody_makhleb
Temple:   jpeg_temple_clearing

Skill      XL: |  1  2  3  4  5  6  7  8  9 |
---------------+----------------------------+-----
Axes           | 3 4 5 7 |  7.4
Armour         | 2 3 4 |  4.1
Dodging        | 2 3 4 |  4.8
Stealth        | 1 2 3 4 5 |  5.0
Fighting       | 4 5 6 |  6.9
Evocations     | |  0.8

Action                   |  1- 3 |  4- 6 |  7- 9 || total
-------------------------+-------+-------+-------++-------
Melee: Hand axe          |   158 |   138 |       ||   296
       War axe           |       |    20 |   213 ||   233
Invok: Berserk           |     2 |     8 |     7 ||    17
       Trog's Hand       |       |       |     2 ||     2
Evoke: Wand              |       |       |     1 ||     1
  Use: Scroll            |       |       |     3 ||     3
       Potion            |       |       |     3 ||     3
 Stab: Sleeping          |     5 |     9 |    20 ||    34
  Eat: Chunk             |     6 |     8 |    15 ||    29
       Ration            |       |     2 |     1 ||     3
Armor: Animal skin       |    40 |       |       ||    40
       Leather armour    |     4 |    42 |    60 ||   106
       Ring mail         |       |       |    13 ||    13
Dodge: Dodged            |   113 |   114 |   151 ||   378

Table legend:
 A = Non-vault XP
 B = Vault XP
 C = Vault XP percentage of total XP
 D = Non-vault monster count
 E = Vault monster count
 F = Vault count percentage of total count
                 A         B        C        D         E       F
            +---------+---------+-------+---------+---------+-------
      Total |    3294 |     573 |  14.8 |     137 |      21 |  13.3
            +---------+---------+-------+---------+---------+-------
        D:1 |      51 |       0 |   0.0 |      30 |       0 |   0.0
        D:2 |      34 |      23 |  40.4 |      14 |      12 |  46.2
        D:3 |     113 |     116 |  50.7 |      15 |       3 |  16.7
        D:4 |     257 |     219 |  46.0 |       7 |       5 |  41.7
        D:5 |    1026 |       0 |   0.0 |      31 |       0 |   0.0
        D:6 |     936 |       0 |   0.0 |      22 |       0 |   0.0
        D:7 |     877 |     215 |  19.7 |      18 |       1 |   5.3
            +---------+---------+-------+---------+---------+-------
